[Event "GrandPrix_29.05"]
[Site "Chess.com"]
[Date "2020.05.29"]
[Round "5"]
[White "Borsuk_Konstantin"]
[Black "KacperKacprzak"]
[Result "1-0"]
[WhiteElo "1838"]
[BlackElo "2036"]
[TimeControl "600+2"]
[EndTime "11:24:52 PDT"]
[Termination "Borsuk_Konstantin won by resignation"]

1. d4 Nf6 2. c4 d6 3. Nc3 Nbd7 4. e4 g6 5. Be3 Bg7 6. f3 e5 7. d5 a5 8. Nge2 O-O 9. g4 h5 10. h3 Qe7 11. Bg5 c6 12. gxh5 gxh5 13. Ng3 Nc5 14. Nxh5 Kh7 15. Qd2 Bh8 16. O-O-O Rg8 17. h4 Rg6 18. Ng3 Qf8 19. Kb1 cxd5 20. cxd5 Ne8 21. Nf5 Bf6 22. Bh3 Bd7 23. Ne3 Qe7 24. Bf5 Bxf5 25.
Nxf5 Qd7 26. Bxf6 Rxf6 27. Rhg1 Rxf5 28. Qg2 Kh6 29. Qg8 Nf6 30. Qg7+ Kh5 31. Rg5+ 1-0

[Event "GrandPrix_29.05"]
[Site "Chess.com"]
[Date "2020.05.29"]
[Round "5"]
[White "RovenVogel"]
[Black "pheonixking2000"]
[Result "0-1"]
[WhiteElo "2369"]
[BlackElo "2633"]
[TimeControl "600+2"]
[EndTime "11:24:56 PDT"]
[Termination "pheonixking2000 won by resignation"]

1. d4 d5 2. c4 e6 3. Nc3 Nf6 4.
cxd5 exd5 5. Bg5 c6 6. Qc2 h6 7.
Bh4 Be6 8. e3 Nbd7 9. Bd3 g5 10.
Bg3 Nh5 11. Nge2 Nxg3 12. Nxg3 h5 13. Nf5 h4 14. O-O-O Qf6 15. g4 O-O-O 16. h3 Kb8 17. Qa4 c5 18. dxc5 Bxc5 19. Kb1 Ne5 20. Bc2 Nc6 21.
Qb5 Bb4 22. Nxd5 Qe5 23. e4 a6 24. Qc4 Rd7 25. a3 Ba5 26. Ba4 Rc8 27. Bxc6 Rxc6 28. Qb3 Qxe4+ 29. Ka1 Rxd5 0-1

[Event "GrandPrix_29.05"]
[Site "Chess.com"]
[Date "2020.05.29"]
[Round "5"]
[White "MilanovicDan"]
[Black "viktorko131"]
[Result "1-0"]
[WhiteElo "2412"]
[BlackElo "2182"]
[TimeControl "600+2"]
[EndTime "11:24:57 PDT"]
[Termination "MilanovicDan won by resignation"]

1. d4 Nf6 2. c4 e6 3. Nc3 Bb4 4. e3 d5 5. cxd5 exd5 6. Bd3 O-O 7. Ne2 Re8 8. O-O c6 9. f3 Nbd7 10. Qe1 Nf8 11. Qf2 Bd6 12. Kh1 c5 13. Bd2 Ng6 14.
Rad1 b6 15. Bc1 Bb7 16. g4 Qe7 17. g5 Nd7 18. f4 cxd4 19. exd4 Bc7 20. f5 Nge5 21.
Bb1 Ng4 22. Qh4 Qd6 23. Bf4 Nge5 24. Nb5 Qc6 25. Nxc7 Qxc7 26. f6 Ng6 27. Bxg6 1-0

[Event "GrandPrix_29.05"]
[Site "Chess.com"]
[Date "2020.05.29"]
[Round "5"]
[White "Zadar321"]
[Black "Logman74"]
[Result "0-1"]
[WhiteElo "1968"]
[BlackElo "2166"]
[TimeControl "600+2"]
[EndTime "11:25:03 PDT"]
[Termination "Logman74 won by checkmate"]

1. e4 c5 2. Nf3 d6 3. d4 cxd4 4. Qxd4 Bd7 5. c4 Nc6 6. Qe3 Nf6 7. Nc3 g6 8. h3 Bg7 9. Be2 O-O 10. O-O Rc8 11.
Rd1 Ne8 12. Bd2 Nc7 13. Rac1 Ne6 14. Be1 Ne5 15. Nxe5 Bxe5 16. Qxa7 Nc5 17. Qa3 Ra8 18. Qb4 Bc6 19. Bf3 f5 20. Nd5 fxe4 21. Bg4 Nd3 22. Be6+ Kh8 23. Rxd3 exd3 24. Bc3 Bxd5 25.
cxd5 Rxa2 26. Re1 Rf6 27. Rxe5 dxe5 28. Bxe5 Ra6 29. Bc3 Qd6 30. Qxb7 Ra1+ 31. Be1 Rxe1# 0-1

[Event "GrandPrix_29.05"]
[Site "Chess.com"]
[Date "2020.05.29"]
[Round "5"]
[White "friesnielsen2302"]
[Black "kostasam18"]
[Result "0-1"]
[WhiteElo "1685"]
[BlackElo "2058"]
[TimeControl "600+2"]
[EndTime "11:25:21 PDT"]
[Termination "kostasam18 won by resignation"]

1. e3 Nf6 2. d4 g6 3. Ne2 Bg7 4.
h3 O-O 5. g4 d5 6. Bg2 c5 7.
Nbc3 e6 8. O-O Nc6 9. f4 h5 10. Bf3 cxd4 11. exd4 hxg4 12. hxg4 e5 13. fxe5 Nxg4 14. Bf4 Be6 15. Qd2 Qh4 16. Bg3 Qd8 17. Nf4 Bh6 18. Qe2 Nxd4 19. Qd2 Nxf3+ 20. Rxf3 d4 21. Ne4 Nxe5 22. Rff1 Bf5 23. Rae1 Nc4 24. Qh2 Kg7 25. Bh4 f6 26. Nh5+ gxh5 27. Rxf5 Qe8 28. Kh1 Ne3 29. Qg3+ Kh7 30. Nxf6+ Rxf6 31. Rxf6 Qe4+ 32.
Rf3 Rf8 0-1

[Event "GrandPrix_29.05"]
[Site "Chess.com"]
[Date "2020.05.29"]
[Round "5"]
[White "esskeettit"]
[Black "2346PL"]
[Result "0-1"]
[WhiteElo "2098"]
[BlackElo "2077"]
[TimeControl "600+2"]
[EndTime "11:25:23 PDT"]
[Termination "2346PL won by checkmate"]

1. d4 f5 2. g3 Nf6 3. Bg2 g6 4. Nh3 e6 5. Nf4 d6 6. Nc3 Bg7 7. h4 e5 8. Nfd5 c6 9. Nxf6+ Qxf6 10. d5 c5 11. Bg5 Qf7 12. e4 h6 13. Bd2 f4 14.
gxf4 exf4 15. Nb5 Qd7 16. c4 O-O 17. Qc2 a6 18. Nc3 Qe7 19. Bf3 Nd7 20. O-O-O Ne5 21.
Be2 Bd7 22. Kb1 b5 23. cxb5 axb5 24. Nxb5 Bxb5 25. Bxb5 Rfb8 26. a4 Qa7 27. Qb3 c4 28. Qa3 Qd4 29. Qb4 Qxe4+ 30. Ka2 Nd3 31. Qxc4 Qxc4+ 32. Bxc4 Rxa4+ 33. Kb1 Rxb2# 0-1

[Event "GrandPrix_29.05"]
[Site "Chess.com"]
[Date "2020.05.29"]
[Round "5"]
[White "Paulz64"]
[Black "am00ss00"]
[Result "1-0"]
[WhiteElo "2122"]
[BlackElo "2082"]
[TimeControl "600+2"]
[EndTime "11:25:32 PDT"]
[Termination "Paulz64 won by resignation"]

1. d4 d5 2. c4 e6 3. Nc3 f5 4.
Bf4 c6 5. e3 Nf6 6. Nf3 Bd6 7.
Bd3 O-O 8. O-O Ne4 9. Qc2 Qe7 10. Rab1 Bd7 11. Bxd6 Qxd6 12. b4 Be8 13. b5 Bh5 14. Ne5 Nd7 15. bxc6 bxc6 16. Nxd7 Qxd7 17. Na4 Rfb8 18. f3 Nd6 19. Nc5 Qe7 20. Qc3 Rb6 21. Na4 Rbb8 22. Rfc1 Be8 23. c5 Nb5 24. Qd2 g6 25.
Nc3 Na3 26. Rb3 Rxb3 27. axb3 e5 28. Ra1 Nb5 29. Bxb5 cxb5 30. Nxd5 Qb7 31. dxe5 Bf7 32. Nf6+ Kg7 33. b4 Qc7 34. Qd6 Rc8 35. Nd7 Qb7 36. Qf6+ Kg8 37. e6 1-0

[Event "GrandPrix_29.05"]
[Site "Chess.com"]
[Date "2020.05.29"]
[Round "5"]
[White "TheJoker64"]
[Black "WhiteCapital80"]
[Result "1/2-1/2"]
[WhiteElo "2401"]
[BlackElo "2282"]
[TimeControl "600+2"]
[EndTime "11:25:39 PDT"]
[Termination "Game drawn by agreement"]

1. e4 e6 2. d4 d5 3. Bd3 dxe4 4. Bxe4 c5 5. Ne2 Nf6 6. Bf3 Nc6 7. Be3 cxd4 8.
Nxd4 Nd5 9. Nxc6 bxc6 10. O-O Bd6 11. c4 Qh4 12. g3 Qxc4 13. Nd2 Qb5 14. a4 Qb4 15.
Ne4 Be7 16. Qc2 O-O 17. Bd2 Qb6 18. a5 Qb5 19. Rfc1 Rb8 20. Nc3 Qb3 21. Qe4 Ba6 22. Na4 Bb5 23. Bd1 Qd3 24. Qxd3 Bxd3 25. Rxc6 1/2-1/2

[Event "GrandPrix_29.05"]
[Site "Chess.com"]
[Date "2020.05.29"]
[Round "5"]
[White "Chepaschess"]
[Black "VMikhalevski"]
[Result "0-1"]
[WhiteElo "2496"]
[BlackElo "2570"]
[TimeControl "600+2"]
[EndTime "11:25:50 PDT"]
[Termination "VMikhalevski won by resignation"]

1. Nf3 Nf6 2. c4 g6 3. Nc3 d5 4. cxd5 Nxd5 5. e4 Nxc3 6. dxc3 Qxd1+ 7. Kxd1 f6 8. h4 h5 9. e5 Nc6 10. Bd3 Kf7 11. Re1 Bg4 12. Kc2 Rd8 13. Bf4 Bh6 14. Bxh6 Rxh6 15. Be4 Bf5 16. Bxf5 gxf5 17. e6+ Ke8 18. b4 Rg6 19. g3 Rg4 20. b5 Na5 21. Nd4 Rd5 22. Ne2 Nc4 23. Nf4 Rxb5 24. Kd3 Ne5+ 25.
Kc2 Nc4 26. Kd3 Rc5 27. Rab1 b6 28. Nxh5 Rd5+ 29. Kc2 Na3+ 0-1

[Event "GrandPrix_29.05"]
[Site "Chess.com"]
[Date "2020.05.29"]
[Round "5"]
[White "Kopytkin"]
[Black "AlexPapasimakopoulos"]
[Result "0-1"]
[WhiteElo "2204"]
[BlackElo "2468"]
[TimeControl "600+2"]
[EndTime "11:26:00 PDT"]
[Termination "AlexPapasimakopoulos won on time"]

1. e4 e6 2. d4 d5 3. e5 b6 4. c3 Qd7 5. Nf3 Ne7 6. a4 a5 7.
Na3 Ba6 8. Bxa6 Nxa6 9. O-O c5 10. Nb5 Nc6 11. Qe2 Nc7 12. Rd1 cxd4 13. Nfxd4 Nxd4 14. Nxd4 Bc5 15. Qg4 O-O 16. Bg5 Kh8 17. Rd3 f6 18. Bf4 Bxd4 19. Rxd4 f5 20. Qd1 b5 21. h4 Rfb8 22. h5 h6 23. g4 fxg4 24. Qxg4 Rf8 25.
Bg3 Rf5 26. Rf4 Raf8 27. Rxf5 Rxf5 28. b3 Na6 29. axb5 Qxb5 30. c4 dxc4 31. bxc4 Qc5 32. Rd1 Qe7 33. Ra1 Qc7 34. Qg6 Nc5 35. Rb1 a4 0-1

[Event "GrandPrix_29.05"]
[Site "Chess.com"]
[Date "2020.05.29"]
[Round "5"]
[White "TheFireChess"]
[Black "NikolaGry"]
[Result "1/2-1/2"]
[WhiteElo "2209"]
[BlackElo "2039"]
[TimeControl "600+2"]
[EndTime "11:26:18 PDT"]
[Termination "Game drawn by agreement"]

1. e4 e5 2. Nf3 d6 3. d4 exd4 4. Nxd4 Nf6 5. Nc3 g6 6. Be3 Bg7 7. f3 O-O 8. Qd2 Nc6 9. O-O-O Nxd4 10. Bxd4 Be6 11. g4 c5 12. Be3 Qa5 13. a3 Rfd8 14. Nd5 Qxd2+ 15. Rxd2 Bxd5 16. exd5 Re8 17. Bf4 Re1+ 18.
Rd1 Rxd1+ 19. Kxd1 Nxd5 20. Bxd6 Ne3+ 21. Ke2 Nxc2 22.
Bxc5 Bxb2 23. a4 b6 24. Kd2 bxc5 25. Kxc2 Bd4 26. Bc4 Rb8 27. Bb5 Kg7 28. Re1 Rb6 29.
Kd3 Re6 30. Re4 Rxe4 31. Kxe4 Bg1 1/2-1/2

[Event "GrandPrix_29.05"]
[Site "Chess.com"]
[Date "2020.05.29"]
[Round "5"]
[White "Cocolino12"]
[Black "eristeski7"]
[Result "0-1"]
[WhiteElo "2288"]
[BlackElo "2099"]
[TimeControl "600+2"]
[EndTime "11:26:18 PDT"]
[Termination "eristeski7 won by checkmate"]

1. e4 c5 2. Nf3 Nc6 3. c3 Nf6 4.
e5 Nd5 5. d4 cxd4 6. cxd4 d6 7.
Bc4 Nb6 8. Bb5 Bd7 9. Nc3 e6 10. O-O Be7 11. Bd3 d5 12. a3 O-O 13. Bc2 f6 14. exf6 Bxf6 15. Qd3 g6 16. Bh6 Bg7 17.
Bxg7 Kxg7 18. Rae1 Qf6 19. h4 Rae8 20. b3 e5 21.
dxe5 Nxe5 22. Nxe5 Rxe5 23. Qd4 Rxe1 24. Qxf6+ Kxf6 25. Rxe1 Rc8 26. Re3 d4 27. Ne4+ Ke5 28. Re2 Rxc2 29. Rxc2 Kxe4 30. Rc7 Bb5 31. f3+ Ke3 32.
Re7+ Kd2 33. Rxb7 d3 34. Rxa7 Kc2 35. Rc7+ Bc4 36. bxc4 d2 37. c5 d1=Q+ 38. Kh2 Nc4 39. Rxh7 Qd5 40. Rh6 Qe5+ 41. Kh3 Qf5+ 42. Kg3 Nd2 43. c6 Qe5+ 44. Kf2 Qd4+ 45. Kg3 Nf1+ 46. Kh3 Qd3 47. h5 Qf5+ 48. g4 Qxf3+ 49. Kh4 Qf6+ 50.
Kh3 Qf2 51. c7 Qg3# 0-1

[Event "GrandPrix_29.05"]
[Site "Chess.com"]
[Date "2020.05.29"]
[Round "5"]
[White "Zakaryan_David"]
[Black "Pidzsy"]
[Result "1-0"]
[WhiteElo "1428"]
[BlackElo "1978"]
[TimeControl "600+2"]
[EndTime "11:26:25 PDT"]
[Termination "Zakaryan_David won by resignation"]

1. d4 g6 2. c4 Bg7 3. e4 c5 4.
d5 e6 5. Nc3 exd5 6. cxd5 Nf6 7. Nf3 O-O 8. Bd3 b5 9. Bxb5 Nxe4 10.
Nxe4 Qa5+ 11. Nc3 Bxc3+ 12. bxc3 Qxb5 13. Qb3 Ba6 14. Qxb5 Bxb5 15. Be3 d6 16. Nd2 Bd3 17. c4 f5 18. g3 Nd7 19. Rc1 Ne5 20. Rc3 Be4 21.
O-O Rab8 22. Bf4 Rb2 23. Nxe4 fxe4 24. Bxe5 dxe5 25. Re3 Rxa2 26. Rxe4 a5 27. Rxe5 a4 28. d6 Rd8 29. Rd1 a3 30. Rxc5 Rb2 31. Ra5 a2 32. c5 Rb1 33. Rf1 Rb2 34. Kg2 Kf7 35. Ra1 Ke6 36.
R1xa2 Rxa2 37. Rxa2 Kd5 38. Rc2 Kc6 39. h4 h5 40. Kf3 Rf8+ 41. Ke4 Rf5 42. Rd2 Rf8 43.
d7 Rd8 44. Rd5 1-0

[Event "GrandPrix_29.05"]
[Site "Chess.com"]
[Date "2020.05.29"]
[Round "5"]
[White "Todorovic1991"]
[Black "Aliakbarov_Anar"]
[Result "0-1"]
[WhiteElo "1670"]
[BlackElo "2135"]
[TimeControl "600+2"]
[EndTime "11:26:26 PDT"]
[Termination "Aliakbarov_Anar won by resignation"]

1. Nf3 d5 2. c4 e6 3. d4 Nf6 4. Nc3 Bb4 5. Bg5 Nbd7 6. cxd5 exd5 7. e3 c5 8. Bd3 Qa5 9. O-O Bxc3 10. bxc3 c4 11. Bc2 Qxc3 12. Qb1 O-O 13. Rc1 Qa3 14. Ne5 h6 15. Nxd7 Nxd7 16. Bf4 Qe7 17. Qb5 Nf6 18. a4 b6 19. Be5 Rd8 20. Qc6 Ba6 21. Bxf6 gxf6 22.
a5 Rac8 23. Qa4 b5 24. Qa2 b4 25. Bf5 Rb8 26. Qe2 Qf8 27. Rab1 Bc8 28. Bxc8 Rdxc8 29. e4 c3 30. exd5 b3 31. Qd3 Qb4 32. d6 c2 33. Rb2 Re8 34. Kf1 Re1+ 35. Rxe1 Qxe1+ 36. Kxe1 c1=Q+ 37. Qd1 Qxb2 38. d7 Qc3+ 0-1

[Event "GrandPrix_29.05"]
[Site "Chess.com"]
[Date "2020.05.29"]
[Round "5"]
[White "MirMan90"]
[Black "Pash2015"]
[Result "0-1"]
[WhiteElo "2239"]
[BlackElo "2220"]
[TimeControl "600+2"]
[EndTime "11:26:55 PDT"]
[Termination "Pash2015 won by resignation"]

1. e4 c5 2. Nf3 a6 3. Nc3 Nc6 4. d4 cxd4 5. Nxd4 e5 6. Nf5 d6 7.
Bc4 Nf6 8. Bg5 Bxf5 9. exf5 Be7 10.
Bxf6 Bxf6 11. Bd5 O-O 12. O-O Qc7 13. Ne4 Ne7 14. c4 Nxd5 15. Qxd5 Be7 16. a4 Rac8 17. b3 Qd7 18. Rfe1 Rfd8 19. Rad1 Qxf5 20. Qxb7 Qe6 21.
Qd5 Rb8 22. Re3 Qxd5 23. Rxd5 f5 24. Nd2 Kf7 25. Nf3 h6 26. Kf1 g5 27. h3 h5 28. g4 hxg4 29. hxg4 fxg4 30. Nh2 Rh8 31. Kg2 Rh4 32. Rdd3 Ke6 33. Nf1 Rbh8 34. b4 g3 35. Rc3 gxf2 36. Kxf2 Rf4+ 37. Kg2 g4 38. Ng3 Rc8 39. Re4 Rcf8 40. Re2 Rc8 41. Rec2 Rcf8 42.
b5 axb5 43. axb5 Rf3 44. b6 Kd7 45. Ne4 Kc6 46. Rb2 R3f4 47. Nd2 Bh4 48. b7 Rf2+ 49. Kg1 Rb8 50. Rcb3 Re2 51. Kf1 Re1+ 52. Kg2 e4 53. Nb1 Bf6 54. Rb6+ Kc7 55. R2b3 Bd4 56. R6b5 Rg1+ 57.
Kh2 Rh8+ 0-1

[Event "GrandPrix_29.05"]
[Site "Chess.com"]
[Date "2020.05.29"]
[Round "5"]
[White "cukus"]
[Black "AliKa2810"]
[Result "1/2-1/2"]
[WhiteElo "2167"]
[BlackElo "2065"]
[TimeControl "600+2"]
[EndTime "11:27:00 PDT"]
[Termination "Game drawn by agreement"]

1. e4 e5 2. Nf3 Nf6 3. Nxe5 d6 4. Nf3 Nxe4 5. Nc3 Nxc3 6. dxc3 Be7 7. Be3 Nc6 8. Qd2 Be6 9. O-O-O Qd7 10. Kb1 a6 11. h3 O-O-O 12. Nd4 Nxd4 13. Qxd4 Bf6 14. Qb4 Qc6 15. Rg1 Rhe8 16. g4 h6 17. Qa5 Bc4 18.
Bg2 Qb5 19. Qxb5 axb5 20. b3 Be6 21. Bd4 Bxd4 22. cxd4 b4 23. d5 Bd7 24. Rd4 Re2 25.
Rf1 Rde8 26. Rxb4 g5 27. Kb2 f5 28. Bf3 Re1 29. Rxe1 Rxe1 30. gxf5 Bxf5 31. Bg4 Re5 32. f4 gxf4 33. Rxf4 Bxg4 34. hxg4 Rxd5 35. Rf6 h5 36. gxh5 Rxh5 1/2-1/2

[Event "GrandPrix_29.05"]
[Site "Chess.com"]
[Date "2020.05.29"]
[Round "5"]
[White "chessfreak35"]
[Black "Malysch"]
[Result "1/2-1/2"]
[WhiteElo "2451"]
[BlackElo "2342"]
[TimeControl "600+2"]
[EndTime "11:27:01 PDT"]
[Termination "Game drawn by repetition"]

1. e4 Nf6 2. e5 Nd5 3. d4 d6 4. c4 Nb6 5. exd6 exd6 6. Nc3 Be7 7. Bd3 Nc6 8. Nge2 Bg4 9. d5 Ne5 10. O-O O-O 11. f3 Bh5 12. Nf4 Bg6 13. Bxg6 hxg6 14.
b3 Bf6 15. Qc2 a5 16. Bb2 a4 17. Ne4 Nbd7 18. Bc3 Nc5 19. Nxc5 dxc5 20. Rae1 Re8 21. Re4 Qd6 22. Rfe1 Re7 23. Nd3 Rae8 24. Nxe5 Bxe5 25. Bxe5 Rxe5 26. bxa4 f5 27. R4e2 Rxe2 28. Rxe2 Rxe2 29. Qxe2 Qf4 30. g3 Qd4+ 31. Kg2 Kh7 32. Kh3 b6 33. f4 Qa1 34. Kg2 Qc3 35. Kh3 Qc1 36. Kh4 Qc3 37.
Kh3 Qc1 38. Kh4 Qc3 39. Kh3 1/2-1/2

[Event "GrandPrix_29.05"]
[Site "Chess.com"]
[Date "2020.05.29"]
[Round "5"]
[White "ZefirKa"]
[Black "tianachess"]
[Result "1-0"]
[WhiteElo "2105"]
[BlackElo "2053"]
[TimeControl "600+2"]
[EndTime "11:27:04 PDT"]
[Termination "ZefirKa won by resignation"]

1. e4 Nf6 2. e5 Nd5 3. d4 d6 4. Nf3 Nc6 5. c4 Nb6 6. exd6 exd6 7. h3 Bf5 8. Be2 Be7 9. O-O O-O 10. Be3 Nb4 11.
Na3 Bf6 12. Qd2 a5 13. d5 Na4 14. Nd4 Bg6 15. Nab5 Nc5 16. a3 Nbd3 17. b4 axb4 18. axb4 Rxa1 19. Rxa1 c6 20. dxc6 bxc6 21. Nxc6 Nb3 22.
Qd1 Qd7 23. Ra6 Qc8 24. Rb6 Bd8 25. Bxd3 Bxb6 26. Ne7+ Kh8 27. Nxc8 1-0

[Event "GrandPrix_29.05"]
[Site "Chess.com"]
[Date "2020.05.29"]
[Round "5"]
[White "nikosgal"]
[Black "ArnaudovP"]
[Result "1/2-1/2"]
[WhiteElo "2500"]
[BlackElo "2426"]
[TimeControl "600+2"]
[EndTime "11:27:11 PDT"]
[Termination "Game drawn by agreement"]

1. d4 Nf6 2. c4 Nc6 3. Nf3 e6 4. g3 Bb4+ 5. Nbd2 d5 6. Bg2 dxc4 7. O-O Bxd2 8. Bxd2 Nxd4 9. Nxd4 Qxd4 10. Qc2 O-O 11. Bb4 c5 12. Rfd1 Qe5 13. Bc3 Qf5 14. e4 Qg6 15.
Be5 b6 16. Qxc4 Bb7 17. Bxf6 gxf6 18. Rd7 Bc6 19. Rd6 Rac8 20. Rad1 b5 21. Qxc5 Bxe4 22. Qxb5 Bxg2 23. Kxg2 Qe4+ 24. Kg1 Rb8 25. Qc5 Rxb2 26. Qxa7 Ra8 27. Qe7 Qf5 28. Rf1 Rbxa2 29. Rd7 Qg6 30.
Rfd1 Kg7 31. Qxe6 Ra1 32. Rxa1 Rxa1+ 33. Kg2 Ra4 34. Qd5 Qe4+ 1/2-1/2

[Event "GrandPrix_29.05"]
[Site "Chess.com"]
[Date "2020.05.29"]
[Round "5"]
[White "switlave"]
[Black "Kildepiotr"]
[Result "0-1"]
[WhiteElo "2008"]
[BlackElo "2280"]
[TimeControl "600+2"]
[EndTime "11:27:15 PDT"]
[Termination "Kildepiotr won by resignation"]

1. d4 c5 2. d5 e5 3. Nc3 d6 4. e4 Be7 5. Bb5+ Nd7 6. a4 Bg5 7. h4 Bxc1 8. Qxc1 Ne7 9. Nf3 O-O 10. g4 Ng6 11. Ne2 Nf6 12. h5 Bxg4 13. Ng5 Nxh5 14.
f3 Nhf4 15. Nxh7 Bxf3 16. Rh2 Bxe4 17. Ng3 Bxd5 18. Qd2 Re8 19. Bxe8 Qxe8 20. Nf5 Qe6 21. Ne3 Bc6 22. O-O-O Qa2 23. Qxd6 Qa1+ 24. Kd2 Qxb2 25. Nf5 Qb4+ 26. Kc1 Ne2+ 27. Rxe2 Qf4+ 28. Ne3 Kxh7 29.
Qxc5 Qxa4 30. Rh2+ Kg8 31. Rd3 Qa1+ 32. Kd2 Qg1 33.
Rh5 Nf4 34. Qxe5 Qf2+ 35. Kc3 Nxd3 36. cxd3 Re8 37. Ng4 0-1

[Event "GrandPrix_29.05"]
[Site "Chess.com"]
[Date "2020.05.29"]
[Round "5"]
[White "Olghita64"]
[Black "larrylarsen"]
[Result "1-0"]
[WhiteElo "2048"]
[BlackElo "1179"]
[TimeControl "600+2"]
[EndTime "11:27:19 PDT"]
[Termination "Olghita64 won on time"]

1. Nf3 Nf6 2. c4 c5 3. d4 cxd4 4. Nxd4 e6 5. Nc3 a6 6. g3 Nc6 7.
Bg2 Bc5 8. Nb3 Be7 9. O-O d6 10.
Bf4 O-O 11. Qd2 Ne5 12. Bxe5 dxe5 13. Qxd8 Rxd8 14. Rfd1 Nd7 15. Ne4 Nf8 16. Rxd8 Bxd8 17. Nd6 Rb8 18. c5 b6 19. c6 Bc7 20. Ne8 Bd8 21. c7 Bxc7 22. Nxc7 a5 23. Rd1 Bb7 24.
Bxb7 Rxb7 25. Nb5 g6 26. Rd8 a4 27. Nc1 f6 28. Nd3 h5 29. Kf1 h4 30. Ke1 hxg3 31. hxg3 Rh7 32. Kd2 Rh1 33. Ra8 e4 34. Nf4 Kg7 35.
Ra7+ Kh6 36. Nd6 Kg5 37. Nxe4+ Kf5 38. Nd6+ Kg4 39. Rxa4 1-0

[Event "GrandPrix_29.05"]
[Site "Chess.com"]
[Date "2020.05.29"]
[Round "5"]
[White "Gabrielian_Artur"]
[Black "mishikomchedlishvili"]
[Result "0-1"]
[WhiteElo "2657"]
[BlackElo "2469"]
[TimeControl "600+2"]
[EndTime "11:27:29 PDT"]
[Termination "mishikomchedlishvili won by checkmate"]

1. e4 c5 2. Nc3 e6 3. g3 Nc6 4. Bg2 g6 5. d3 Bg7 6. Be3 d6 7. Qd2 Nd4 8. Nge2 Qa5 9. O-O Ne7 10. Nc1 O-O 11. Nd5 Qd8 12. Nxe7+ Qxe7 13. c3 Nc6 14. d4 cxd4 15. cxd4 b6 16. Ne2 Bb7 17. Rac1 Rac8 18. h4 Ba6 19. Rfe1 Bxe2 20. Qxe2 Nxd4 21. Qd3 e5 22.
Bxd4 exd4 23. Bh3 Rc5 24. Rc2 h5 25. b4 Rc3 26. Rxc3 dxc3 27. e5 dxe5 28. Qxc3 Rd8 29. Bg2 f5 30. Qb3+ Kh7 31. b5 e4 32. Rd1 Bd4 33.
Kf1 Kg7 34. Qc4 Bc5 35. Rxd8 Qxd8 36. Ke2 Qf6 37. Qc2 Qd4 38. Ke1 Qa1+ 39. Ke2 Qg1 40. Qc3+ Kh7 41. Qf6 Qxf2+ 42. Kd1 Qg1+ 43. Kc2 Qxg2+ 44.
Kb3 Qf3+ 45. Ka4 Qa3# 0-1

[Event "GrandPrix_29.05"]
[Site "Chess.com"]
[Date "2020.05.29"]
[Round "5"]
[White "SantoBlue"]
[Black "Kobalia"]
[Result "1-0"]
[WhiteElo "2439"]
[BlackElo "2199"]
[TimeControl "600+2"]
[EndTime "11:27:41 PDT"]
[Termination "SantoBlue won on time"]

1. e4 c6 2. Nf3 d5 3. Nc3 Bg4 4. h3 Bxf3 5. Qxf3 e6 6. d3 Nf6 7. Qg3 Nh5 8. Qf3 Nf6 9. g3 Bb4 10. Bd2 d4 11. Nb1 Qb6 12. Bg2 Bxd2+ 13. Nxd2 Qxb2 14. O-O Qb4 15. Nc4 O-O 16. Rab1 Qe7 17. e5 Nd5 18. Qg4 b5 19. Nd6 Nd7 20. Qxd4 c5 21. Qb2 b4 22. Rbe1 N7b6 23. f4 Rad8 24. f5 exf5 25. Nxf5 Qe6 26. h4 Nc3 27. Qc1 Nbd5 28.
Bh3 Qg6 29. Kh2 h6 30. Qd2 Nb5 31. Qf2 Qb6 32. Re4 Nd4 33. Nxd4 cxd4 34. e6 fxe6 35.
Bxe6+ Kh7 36. Qxf8 Rxf8 37. Rxf8 Ne7 38. Rf7 Nc6 39.
Rg4 1-0

[Event "GrandPrix_29.05"]
[Site "Chess.com"]
[Date "2020.05.29"]
[Round "5"]
[White "grunbergmihai"]
[Black "N4700000"]
[Result "1-0"]
[WhiteElo "2406"]
[BlackElo "2368"]
[TimeControl "600+2"]
[EndTime "11:27:45 PDT"]
[Termination "grunbergmihai won by resignation"]

1. Nf3 Nf6 2. c4 g6 3. g3 Bg7 4. Bg2 O-O 5. O-O d6 6. d4 c6 7. Nc3 Qb6 8. e4 Bg4 9. Qb3 Nbd7 10. Be3 c5 11. d5 Qa6 12. Nd2 Nb6 13. a4 Qa5 14. f4 Qb4 15. Ra3 Bd7 16. a5 Qxb3 17. Rxb3 Ng4 18. Nd1 Nxe3 19. Nxe3 Na4 20. Rxb7 Rfd8 21.
e5 dxe5 22. d6 exd6 23. Rxd7 Rxd7 24. Bxa8 exf4 25. Nd5 Nxb2 26. gxf4 Bd4+ 27. Kg2 f5 28. Re1 Kf7 29. Bc6 Rd8 30. Re7+ Kg8 31. Rxa7 Nd3 32. a6 1-0

[Event "GrandPrix_29.05"]
[Site "Chess.com"]
[Date "2020.05.29"]
[Round "5"]
[White "khekhm"]
[Black "Herracek"]
[Result "0-1"]
[WhiteElo "2371"]
[BlackElo "2427"]
[TimeControl "600+2"]
[EndTime "11:27:46 PDT"]
[Termination "Herracek won on time"]

1. e4 c5 2. Nf3 Nc6 3. Bb5 g6 4. c3 Nf6 5. Qe2 Bg7 6. O-O O-O 7.
Rd1 Qc7 8. d4 d6 9. h3 a6 10.
Bxc6 Qxc6 11. d5 Qc7 12. a4 b6 13. Bf4 Nd7 14. Nbd2 Rb8 15. Qe3 Re8 16. Re1 b5 17. axb5 axb5 18. e5 dxe5 19. Nxe5 Nxe5 20. Bxe5 Bxe5 21.
Qxe5 Qxe5 22. Rxe5 Kf8 23. Nb3 f6 24. Re3 c4 25.
Nc5 Rd8 26. Ra7 Rxd5 27. Rexe7 Rxc5 28. Rf7+ Ke8 29. Rxh7 Rh5 30. Rhg7 Rh8 31. Rxg6 f5 32. Rgg7 Kd8 33. f4 b4 34. Kf2 bxc3 35. bxc3 Rb3 36.
Ke3 Rxc3+ 37. Kd4 Rc1 38. Rgc7 Re8 39. g4 fxg4 40. hxg4 Rd1+ 41. Kc3 Rc1+ 42. Kd2 Ree1 43. f5 Red1+ 44. Ke2 Rd7 45. Rxd7+ Bxd7 46. Kd2 Rg1 47. Kc3 Rxg4 48. f6 Be6 49. Re7 Re4 50. Kb4 Re3 0-1

[Event "GrandPrix_29.05"]
[Site "Chess.com"]
[Date "2020.05.29"]
[Round "5"]
[White "Haykos"]
[Black "Novoselski"]
[Result "0-1"]
[WhiteElo "2191"]
[BlackElo "2400"]
[TimeControl "600+2"]
[EndTime "11:28:14 PDT"]
[Termination "Novoselski won by resignation"]

1. e4 e5 2. Nf3 Nc6 3. Bc4 Bc5 4. d3 Nf6 5. O-O O-O 6. Re1 d6 7. c3 Qe7 8. h3 h6 9. Nbd2 a6 10. Bb3 Ba7 11. Nf1 Be6 12. Ng3 Nh7 13. Bc2 Qf6 14. Nh5 Qd8 15. d4 Bd7 16. Be3 Re8 17. Qd2 g5 18. Ng3 Nf8 19. Nf5 Qf6 20. Rad1 Bxf5 21.
exf5 e4 22. Nh2 Qxf5 23. f3 d5 24. fxe4 dxe4 25. Ng4 Qg6 26. Rf1 Nh7 27. Bb3 Re7 28. Qf2 Rf8 29. Qf5 Kg7 30. Rd2 h5 31. Nh2 Ne5 32. Bd5 Nf3+ 33. Rxf3 exf3 34. Qxf3 c6 35.
Bb3 Nf6 36. Bc2 Ne4 37. Bxe4 Rxe4 38. Bxg5 Qxg5 39. Qxe4 Qxd2 40. Qe5+ Kg8 41. Qxh5 Qe3+ 42. Kf1 Re8 43. Nf3 Bb8 44. Qg4+ Kf8 45. Qh4 Bf4 46. Qh8+ Ke7 47. Qh4+ Kd7 48. Qg4+ Kc7 0-1

[Event "GrandPrix_29.05"]
[Site "Chess.com"]
[Date "2020.05.29"]
[Round "5"]
[White "Ave_Mariia"]
[Black "KardashevskiyEvgeny"]
[Result "1-0"]
[WhiteElo "2188"]
[BlackElo "2005"]
[TimeControl "600+2"]
[EndTime "11:28:18 PDT"]
[Termination "Ave_Mariia won on time"]

1. c4 c6 2. Nf3 Nf6 3. g3 d5 4. Bg2 e6 5. O-O Be7 6. d4 O-O 7. Qc2 b6 8. Nbd2 Bb7 9. e4 Na6 10. e5 Nd7 11. cxd5 Nb4 12. Qa4 Nxd5 13. Ne4 c5 14. dxc5 Nxc5 15. Nxc5 Bxc5 16. Bg5 Qe8 17. Qg4 Kh8 18. Rad1 Qb5 19. Bc1 Rac8 20. Ng5 Be7 21. Nxf7+ Rxf7 22. Qxe6 Rcf8 23. Bxd5 Bxd5 24. Qxd5 Qxd5 25.
Rxd5 Bc5 26. Bf4 g5 27. Bxg5 Rxf2 28. Rxf2 Bxf2+ 29. Kg2 Bc5 30. Bf6+ Kg8 31. Rd7 Rf7 32. Rxf7 Kxf7 33. Kf3 Ke6 34. Ke4 1-0

[Event "GrandPrix_29.05"]
[Site "Chess.com"]
[Date "2020.05.29"]
[Round "5"]
[White "DariaVoit"]
[Black "vagpat"]
[Result "0-1"]
[WhiteElo "2033"]
[BlackElo "2210"]
[TimeControl "600+2"]
[EndTime "11:28:21 PDT"]
[Termination "vagpat won by resignation"]

1. d4 Nf6 2. Nf3 g6 3. c4 Bg7 4. Nc3 O-O 5. Bg5 d6 6. h3 Nbd7 7. e3 b6 8. Bd3 Bb7 9. O-O e5 10. d5 h6 11. Bxf6 Nxf6 12. Nd2 Nd7 13. Qc2 a5 14. a3 f5 15. e4 Nc5 16. b4 Nxd3 17. Qxd3 f4 18. c5 bxc5 19. bxc5 Ba6 20.
Nc4 f3 21. g3 Qg5 22. Kh2 Bc8 23. Rh1 Bxh3 24. Kg1 Bg2 25. Rh2 Rab8 26. Ne3 dxc5 27.
Qc4 Rb2 28. Qxc5 h5 29. Rd1 Bh6 30. Nxg2 fxg2 31. Rxg2 Rc2 32. a4 Qg4 33. Rd3 h4 34.
f4 Rc1+ 35. Kh2 hxg3+ 36. Rdxg3 Qh4+ 0-1